 Dungeon Crawl Stone Soup version 0.30-a0-949-g53dc5368d7 (webtiles) character file.

Game seed: 8420057508720914086

130 Juicyj the Chopper (level 4, -3/60 HPs)
             Began as a Minotaur Gladiator on Mar 23, 2023.
             Slain by a gnoll
             ... wielding a +0 whip
              (5 damage)
             ... on level 2 of the Dungeon on Mar 27, 2023.
             The game lasted 00:03:31 (1276 turns).

Juicyj the Chopper (Minotaur Gladiator)             Turns: 1276, Time: 00:03:31

Health: -3/60      AC: 22    Str: 20    XL:     4   Next: 89%
Magic:  3/3        EV:  2    Int:  5    God:
Gold:   92         SH:  0    Dex: 12    Spells: 3/3 levels left

rFire   . . .      SeeInvis .    a - +0 war axe
rCold   . . .      Faith    .    (no shield)
rNeg    . . .      Spirit   .    b - melded +0 leather armour
rPois   +          Reflect  .    c - melded +0 hat
rElec   .          Rampage  .    (cloak currently unavailable)
rCorr   .          NoTele   +    (gloves currently unavailable)
Will    .....                    (boots currently unavailable)
Stlth   +                        (no amulet)
HPRegen 0.30/turn                (no ring)
MPRegen 0.08/turn                (no ring)

@: tree-form
A: stationary, stasis, torment immunity, boosted hp, (horns 2), (retaliatory
headbutt)
a: no special abilities


You were on level 2 of the Dungeon.
You were a tree.
You visited 1 branch of the dungeon, and saw 2 of its levels.

You collected 92 gold pieces.

Inventory:

Hand Weapons
 a - a +0 war axe (weapon)
Missiles
 d - 3 throwing nets (quivered)
 e - a javelin
Armour
 b - a +0 leather armour (melded)
 c - a +0 hat (melded)
Jewellery
 j - an amulet of magic regeneration
Scrolls
 f - 2 scrolls of teleportation {unknown}
 g - a scroll of noise {unknown}
 h - 2 scrolls of identify {unknown}
 l - a scroll of brand weapon {unknown}
 m - a scroll of amnesia {unknown}
 o - a scroll of enchant armour {unknown}
 q - a scroll of magic mapping {unknown}
Potions
 i - 2 potions of lignification
 k - 2 potions of might {unknown}
 n - a potion of curing {unknown}
 p - a potion of degeneration {unknown}
 r - 2 potions of ambrosia {unknown}


   Skills:
 + Level 3.7 Fighting
 + Level 4.6 Axes
 + Level 3.0 Throwing
 + Level 4.2 Dodging


You had 3 spell levels left.
You didn't know any spells.
Your spell library contained the following spells:

 Spells                   Type           Power      Damage    Failure   Level
 Slow                     Hex            0%         N/A       47%         1
 Confusing Touch          Hex            0%         N/A       85%         3
 Ozocubu's Armour         Ice            0%         N/A       85%         3
 Vampiric Draining        Necr           0%         2d6       85%         3
 Ozocubu's Refrigeration  Ice            0%         4d7       100%        7


Dungeon Overview and Level Annotations

Branches:
Dungeon (2/15)

Altars:


Innate Abilities, Weirdness & Mutations

You are a tree.
Your roots penetrate the ground, keeping you stationary.
You cannot be teleported.
You are immune to unholy pain and torment.
Your maximum health is greatly increased.
Your equipment is partially melded.
((You have a pair of horns on your head.))
((You reflexively headbutt those who attack you in melee.))


Message History

The gnoll hits you from afar with a +0 spear!
The gnoll hits you with a +0 whip.
You are too injured to fight recklessly!
You are too injured to fight recklessly!
You are too injured to fight recklessly!
You are too injured to fight recklessly!
You are too injured to fight recklessly!
You are too injured to fight recklessly!
You are too injured to fight recklessly!
You are too injured to fight recklessly!
You are too injured to fight recklessly!
You are too injured to fight recklessly!
You are too injured to fight recklessly!
You are too injured to fight recklessly!
You are too injured to fight recklessly!
You are too injured to fight recklessly!
You are too injured to fight recklessly!
You hit the gnoll but do no damage. You headbutt the gnoll.
The gnoll is lightly wounded.
The gnoll misses you. You furiously retaliate!
You headbutt the gnoll. The gnoll barely misses you.
The gnoll hits you with a +0 whip.
* * * LOW HITPOINT WARNING * * *
You hit the gnoll.
The gnoll is heavily wounded.
The gnoll barely misses you. The gnoll closely misses you.
You furiously retaliate!
You headbutt the gnoll. You completely miss the gnoll.
The gnoll is almost dead.
The gnoll hits you from afar with a +0 spear.
* * * LOW HITPOINT WARNING * * *
The gnoll hits you with a +0 whip.
* * * LOW HITPOINT WARNING * * *
It was a potion of lignification.
You turn into a tree.
Your +0 hat melds into your body.
Your +0 leather armour melds into your body.
Your roots penetrate the ground.
The gnoll hits you but does no damage. x2
You completely miss the gnoll.
The gnoll is almost dead.
The gnoll hits you but does no damage. The gnoll hits you with a +0 whip.
You die...

#...# #.# #.####.#
#.# ###.# #.# #.
#......# #.# #.# #.#
#. ######## #.#
##.###.# #.
########### #.#
####...##.# #.
#.........# #.#
.....#....# #.
#.#######.# #.#
####...#### #. #.#
#.# #.# ##.##
#g###.#######.####.#
#.#
#)g♣...............#
#.#
#####.#######......#
#.############.#
########
#..............#
################


You could see 2 gnolls.

Vanquished Creatures
  A jelly (D:2)
  2 gnolls (D:2)
  3 adders (D:2)
  2 worms (D:2)
  2 dart slugs
  6 bats
  3 endoplasms
  2 giant cockroaches
  4 goblins
  A hobgoblin (D:1)
  4 jackals (D:2)
  4 quokkas
  3 ball pythons
  7 frilled lizards
  2 kobolds (D:1)
  2 rats (D:2)
48 creatures vanquished.

Notes
Turn   | Place    | Note
-------+----------+-------------------------------------------
     0 | D:1      | Juicyj the Minotaur Gladiator began the quest for the Orb.
     0 | D:1      | Reached XP level 1. HP: 18/18 MP: 0/0
   165 | D:1      | Reached XP level 2. HP: 25/25 MP: 1/1
   667 | D:2      | Upgraded the game from 0.30-a0-930-gb9d0489357 to
                  | 0.30-a0-949-g53dc5368d7
   685 | D:2      | Reached XP level 3. HP: 31/31 MP: 2/2
   822 | D:2      | Reached XP level 4. HP: 36/38 MP: 3/3
  1274 | D:2      | HP: 1/40 [gnoll/+0 whip (4)]
  1276 | D:2      | Slain by a gnoll

Illustrated notes

Levels and vault maps discovered:
D:1:      dpeg_arrival_pond, layout_loops_ring,
          nicolae_concentric_dashed_squares_mild
D:2:      layout_loops_ring, minmay_close_crescents

Skill      XL: |  1  2  3  4 |
---------------+-------------+-----
Fighting       | 3 |  3.7
Axes           | 4 |  4.6
Dodging        | 4 |  4.2
Throwing       | 3 |  3.0

Action                     |  1- 3 |  4- 6 || total
---------------------------+-------+-------++-------
  Melee: War axe           |    48 |    46 ||    94
         Headbutt          |     7 |     9 ||    16
    Use: Potion            |       |     1 ||     1
 Armour: Leather armour    |    15 |    15 ||    30
         Skin              |       |     3 ||     3
  Dodge: Dodged            |    27 |    34 ||    61

Table legend: (Time is in decaauts)
 A = Elapsed time spent in this place.
 B = Non-inter-level travel time spent in this place.
 C = Inter-level travel time spent in this place.
 D = Time resting spent in this place.
 E = Time spent auto-exploring this place.
 F = Levels seen in this place.
 G = Mean time per level.
                   A        B        C        D        E       F      G
               +--------+--------+--------+--------+--------+-----+--------+
         Total |   1303 |   1301 |      2 |      0 |   1038 |   2 |  651.5 |
       Dungeon |   1303 |   1301 |      2 |      0 |   1038 |   2 |  651.5 |
               +--------+--------+--------+--------+--------+-----+--------+

Top non-repeatable levels by time:
     D:1: 663 daAuts
     D:2: 639 daAuts
